 Dungeon Crawl Stone Soup version 0.30.1-4-g462c640d31 (webtiles) character file.

Game seed: 5960681341189323454

32 ArizonaTea the Sneak (level 3, -1/18 HPs)
             Began as a Vine Stalker Brigand on Aug 24, 2023.
             Succumbed to an adder's poison
             ... on level 2 of the Dungeon.
             The game lasted 00:02:06 (1408 turns).

ArizonaTea the Sneak (Vine Stalker Brigand)         Turns: 1408, Time: 00:02:07

Health: -1/18      AC:  3    Str: 13    XL:     3   Next: 25%
Magic:  3/4        EV: 12    Int: 11    God:
Gold:   48         SH:  0    Dex: 17    Spells: 2/2 levels left

rFire   . . .        a - +2 dagger
rCold   . . .        (no shield)
rNeg    . . .        b - +0 robe
rPois   .            (no helmet)
rElec   .            c - +0 cloak
rCorr   .            (no gloves)
SInv    .            (no boots)
Will    .....        (no amulet)
Stlth   +++          (no ring)
HPRegen 0.23/turn    (no ring)
MPRegen 0.09/turn

%: guardian spirit
@: lethally poisoned (-1 -> -9)
A: fangs 2, magic shield, antimagic bite, no potion heal 2
a: no special abilities


You were on level 2 of the Dungeon.
You visited 1 branch of the dungeon, and saw 2 of its levels.

You collected 48 gold pieces.

Inventory:

Hand Weapons
 a - a +2 dagger (weapon)
Missiles
 d - 9 poisoned darts (quivered)
 e - 3 curare-tipped darts
Armour
 b - a +0 robe (worn)
 c - a +0 cloak (worn)
Scrolls
 f - a scroll of brand weapon {unknown}
 h - a scroll of identify {unknown}
 k - a scroll of magic mapping {unknown}
 l - a scroll of teleportation {unknown}
 p - a scroll of enchant weapon {unknown}
Potions
 g - a potion of might {unknown}
 i - a potion of curing {unknown}
 j - 2 potions of haste {unknown}
 m - a potion of flight {unknown}
 n - a potion of lignification {unknown}
 o - 2 potions of degeneration {unknown}


   Skills:
 + Level 1.8 Fighting
 + Level 2.2 Short Blades
 + Level 1.8 Throwing
 + Level 1.0 Dodging
 + Level 5.7 Stealth


You had 2 spell levels left.
You didn't know any spells.
Your spell library contained the following spells:

 Spells                   Type           Power      Damage    Failure   Level
 Sublimation of Blood     Necr           0%         N/A       47%         2
 Wereblood                Tmut           0%         N/A       47%         2
 Summon Hydra             Summ           0%         N/A       100%        7


Dungeon Overview and Level Annotations

Branches:
Dungeon (2/15)

Altars:


Innate Abilities, Weirdness & Mutations

You have extremely sharp teeth.
When hurt, damage is shared between your health and your magic reserves.
Your bite disrupts and absorbs the magic of your enemies.
Potions cannot restore your health.


Message History

An adder comes into view.
An adder is nearby!
An adder is nearby!
You completely miss the adder. Your bite misses the adder. The adder bites you.
You are poisoned.
The adder poisons you!
An adder is nearby!
You hit the adder.
The adder is lightly wounded.
You feel sick. The adder bites you.
You are more poisoned.
The adder poisons you!
You hit the adder. Your bite misses the adder.
The adder is heavily wounded.
You feel sick. The adder closely misses you. The adder bites you.
You are lethally poisoned!
The adder poisons you!
You are too injured to fight recklessly!
You are too injured to fight recklessly!
You are too injured to fight recklessly!
You are too injured to fight recklessly!
You are too injured to fight recklessly!
You are too injured to fight recklessly!
You are too injured to fight recklessly!
You are too injured to fight recklessly!
You are too injured to fight recklessly!
You are too injured to fight recklessly!
You are too injured to fight recklessly!
You are too injured to fight recklessly!
There is a lethal amount of poison in your body!
* * * LOW HITPOINT WARNING * * *
You feel very sick. The adder closely misses you.
The adder attacks as you move away! The adder closely misses you.
* * * LOW HITPOINT WARNING * * *
You feel very sick.
* * * LOW HITPOINT WARNING * * *
You feel sick. The adder barely misses you. The adder attacks as you move away!
The adder closely misses you.
You die...

......##..#.............
...#####..####..........
##...###..#.............
###......#.............
####.................
#####.............
#.....S....#..
#(......#### #.....@.#
#.......# #########


You could see an adder.

Vanquished Creatures
  A worm (D:2)
  2 dart slugs
  2 ball pythons (D:1)
  6 endoplasms
  A giant cockroach (D:1)
  3 hobgoblins
  2 kobolds (D:1)
  A quokka (D:1)
  A bat (D:2)
  2 frilled lizards
  A rat (D:1)
22 creatures vanquished.

Notes
Turn   | Place    | Note
-------+----------+-------------------------------------------
     0 | D:1      | ArizonaTea the Vine Stalker Brigand began the quest for the
                  | Orb.
     0 | D:1      | Reached XP level 1. HP: 11/11 MP: 2/2
    55 | D:1      | Reached skill level 5 in Stealth
    63 | D:1      | Reached XP level 2. HP: 11/15 MP: 0/3
   400 | D:1      | Reached skill level 1 in Dodging
   786 | D:1      | Found a faded altar of an unknown god.
  1222 | D:2      | Reached XP level 3. HP: 18/18 MP: 4/4
  1408 | D:2      | Succumbed to an adder's poison

Illustrated notes

Levels and vault maps discovered:
D:1:      minmay_arrival_nine_rooms, layout_basic,
          shapermc_ecumenical_altar_mp_highgroup
D:2:      layout_rooms, serial_shops, nicolae_shop_hallway_plus,
          kennysheep_boxes

Skill      XL: |  1  2 |
---------------+-------+-----
Stealth        | 5 |  5.7
Short Blades   | 2 |  2.2
Dodging        | 1 |  1.0
Fighting       | |  1.8
Throwing       | |  1.8

Action                     || total
---------------------------++-------
  Melee: Dagger            ||    41
         Bite              ||     7
   Stab: Sleeping          ||     7
 Armour: Robe              ||     5
  Dodge: Dodged            ||    19
